 Dungeon Sprint DCSS version 0.31-a0-960-g0fca184906 (webtiles) character file.

Game seed: 16274850631935281305

655 fozzywoppz the Cleaver (level 7, -6/68 HPs)
             Began as a Minotaur Fighter on Oct 23, 2023.
             Was a Believer of Okawaru.
             Mangled by a two-headed ogre
             ... wielding a +0 dire flail
              (12 damage)
             ... in the Dungeon (Sprint IX: "|||||||||||||||||||||||||||||").
             The game lasted 00:02:36 (263 turns).

fozzywoppz the Cleaver (Minotaur Fighter)            Turns: 263, Time: 00:02:37

Health: -6/68      AC: 10    Str: 20    XL:     7   Next: 29%
Magic:  5/12       EV: 10    Int:  8    God:    Okawaru [**....]
Gold:   0          SH:  5    Dex: 15    Spells: 6/6 levels left

rFire   . . .        s - +1 broad axe (distort)
rCold   . . .        c - +0 buckler
rNeg    . . .        p - +2 ring mail
rPois   .            (helmet restricted)
rElec   .            (no cloak)
rCorr   .            r - +0 pair of gloves
SInv    .            q - +0 pair of boots
Will    .....        (no amulet)
Stlth   +            n - +3 ring of dexterity
HPRegen 0.31/turn    o - +3 ring of intelligence
MPRegen 0.13/turn

%: no teleportation
@: mighty
A: horns 2, retaliatory headbutt
a: Renounce Religion, Heroism


You were in the Dungeon.
You worshipped Okawaru.
Okawaru was pleased with you.
You visited 1 branch

Inventory:

Hand Weapons
 s - a +1 broad axe of distortion (weapon)
 t - a +2 morningstar of protection
 u - the +10 zealot's sword {holy, Zealotry, *Rage rN+ EV+3}
   (You found it in the Dungeon)

   Zealotry:  Whenever the wielder enters a berserk rage, their allies are
   berserked alongside them.
   EV+3:      It affects your evasion (+3).
   rN+:       It protects you from negative energy.
   *Rage:     It berserks you when you make melee attacks (+20% chance).
Armour
 b - a +0 scale mail
 c - a +0 buckler (worn)
 p - a +2 ring mail (worn)
 q - a +0 pair of boots (worn)
 r - a +0 pair of gloves (worn)
Jewellery
 n - a +3 ring of dexterity (left hand)
 o - a +3 ring of intelligence (right hand)
Wands
 m - a wand of roots (10)
Scrolls
 j - 2 scrolls of blinking
 l - 2 scrolls of amnesia
Potions
 e - 5 potions of curing
 f - a potion of heal wounds
 g - a potion of haste
 h - 4 potions of magic
 i - a potion of berserk rage
 k - a potion of invisibility


   Skills:
 - Level 8.0 Fighting
 - Level 5.0 Long Blades
 + Level 11.8 Axes
 - Level 5.8 Armour
 - Level 5.0 Shields
 + Level 9.1 Invocations


You had 6 spell levels left.
You didn't know any spells.
Your spell library was empty.

Dungeon Overview and Level Annotations

Branches:
Dungeon (1/1)

Altars:
Cheibriados
Dithmenos
Elyvilon
Fedhas
Gozag
Hepliaklqana
Kikubaaqudgha
Makhleb
Nemelex Xobeh
Okawaru
Qazlal
Ru
Sif Muna
Trog
Uskayaw
Vehumet
Wu Jian
Xom
Yredelemnul
Zin
The Shining One
Jiyva
Lugonu


Innate Abilities, Weirdness & Mutations

You have a pair of horns on your head.
You reflexively headbutt those who attack you in melee.


Message History

You are no longer corroded.
Unknown command.
You hit the kobold demonologist.
Space warps horribly around the kobold demonologist!
The kobold demonologist is heavily wounded.
You block the kobold demonologist's attack.
You closely miss the kobold demonologist.
Your headbutt misses the kobold demonologist.
The kobold demonologist is heavily wounded.
The kobold demonologist barely misses you.
You hit the kobold demonologist.
Space warps around the kobold demonologist.
Your headbutt misses the kobold demonologist.
The kobold demonologist is severely wounded.
You block the kobold demonologist's attack.
You closely miss the kobold demonologist.
The kobold demonologist is severely wounded.
Unknown command.
You slash the two-headed ogre!
Space warps horribly around the two-headed ogre!
You headbutt the two-headed ogre.
The two-headed ogre is heavily wounded.
The two-headed ogre hits you with a +0 dire flail.
The two-headed ogre hits you with a +0 giant club.
You hit the two-headed ogre.
Space warps around the two-headed ogre.
The two-headed ogre is severely wounded.
The white imp disappears in a puff of smoke!
You barely miss the two-headed ogre. You headbutt the two-headed ogre!
The two-headed ogre is almost dead.
The two-headed ogre hits you with a +0 dire flail!
The two-headed ogre hits you with a +0 giant club!
* * * LOW HITPOINT WARNING * * *
The kobold demonologist gestures wildly while chanting.
Unknown command.
You slash the two-headed ogre!
The two-headed ogre is almost dead.
The two-headed ogre hits you with a +0 dire flail!
* * * LOW HITPOINT WARNING * * *
The two-headed ogre hits you with a +0 giant club!
You die... ▓▓▓▓▓▓▓▓▓▓▓▓▓▓▓▓▓▓▓▓▓▓▓▓ ...55KO@.....)..'_______ ▓▓▓▓▓▓▓▓▓▓▓▓▓▓▓▓▓▓▓▓▓▓▓▓

You could see a two-headed ogre, a kobold demonologist, a shadow imp (summoned) and an ufetubus (summoned).

Vanquished Creatures
  An unseen horror (D)
  A troll (D)
  An acid dragon (D)
  A howler monkey (D)
  A hound (D)
  An adder (D)
  An ufetubus (D)
  An orc (D)
  A bat (D)
  A goblin (D)
  A hobgoblin (D)
  A quokka (D)
  A ball python (D)
  A rat (D)
14 creatures vanquished.

Notes
Turn   | Place    | Note
-------+----------+-------------------------------------------
     0 | D        | fozzywoppz the Minotaur Fighter began the quest for the
                  | Orb.
     0 | D        | Reached XP level 1. HP: 19/19 MP: 0/0
     9 | D        | Reached skill level 3 in Axes
    24 | D        | Noticed a hound
    30 | D        | Killed a hound
    31 | D        | Reached skill level 5 in Fighting
    31 | D        | Reached skill level 4 in Axes
    31 | D        | Reached skill level 5 in Armour
    31 | D        | Reached skill level 5 in Shields
    31 | D        | Reached XP level 2. HP: 20/29 MP: 1/1
    31 | D        | Reached XP level 3. HP: 25/36 MP: 2/2
    44 | D        | Reached skill level 5 in Axes
   152 | D        | Found a snail-covered altar of Cheibriados.
   152 | D        | Found a shadowy altar of Dithmenos.
   152 | D        | Found a white marble altar of Elyvilon.
   152 | D        | Found a blossoming altar of Fedhas.
   152 | D        | Found an opulent altar of Gozag.
   153 | D        | Found a hazy altar of Hepliaklqana.
   154 | D        | Found a viscous altar of Jiyva.
   155 | D        | Found an ancient bone altar of Kikubaaqudgha.
   156 | D        | Found a corrupted altar of Lugonu.
   157 | D        | Found a burning altar of Makhleb.
   158 | D        | Found a sparkling altar of Nemelex Xobeh.
   159 | D        | Found an iron altar of Okawaru.
   160 | D        | Found a stormy altar of Qazlal.
   161 | D        | Found a sacrificial altar of Ru.
   162 | D        | Found a shimmering blue altar of Sif Muna.
   163 | D        | Found a bloodstained altar of Trog.
   164 | D        | Found a hide-covered altar of Uskayaw.
   165 | D        | Found a radiant altar of Vehumet.
   166 | D        | Found an ornate altar of the Wu Jian Council.
   167 | D        | Became a worshipper of Warmaster Okawaru
   168 | D        | Found a shimmering altar of Xom.
   169 | D        | Found a basalt altar of Yredelemnul.
   170 | D        | Found a glowing silver altar of Zin.
   171 | D        | Found a glowing golden altar of the Shining One.
   179 | D        | Found the +10 zealot's sword {holy, Zealotry, *Rage rN+
                  | EV+3}
   235 | D        | Noticed a two-headed ogre
   235 | D        | Noticed a kobold demonologist
   235 | D        | Noticed an acid dragon
   235 | D        | Noticed a troll
   238 | D        | Reached XP level 4. HP: 42/45 MP: 2/4
   243 | D        | Killed a troll
   243 | D        | Reached * piety under Okawaru
   244 | D        | Reached skill level 5 in Long Blades
   244 | D        | Reached skill level 8 in Axes
   244 | D        | Reached XP level 5. HP: 9/53 MP: 2/8
   244 | D        | Reached XP level 6. HP: 10/61 MP: 2/9
   248 | D        | Killed an acid dragon
   249 | D        | Reached skill level 10 in Axes
   251 | D        | Killed an unseen horror
   251 | D        | Reached ** piety under Okawaru
   252 | D        | Reached skill level 11 in Axes
   252 | D        | Reached XP level 7. HP: 15/68 MP: 3/12
   263 | D        | Mangled by a two-headed ogre

Illustrated notes

Levels and vault maps discovered:
D:        linesprint [early_d, line_temple, items_1, d_10, items_2, lair_1,
          lair_end, items_3, orc_1, orc_end, items_4, d_15, swamp_1, shoals_1,
          snake_1, spider_1, d_20, vaults_1, items_5, swamp_end, shoals_end,
          snake_end, spider_end, vaults_end, d_27, items_6, zot_1, zot_end,
          crypt_end, forest_end, elf_end, slime_end, tomb_end, abyss_end,
          pan_hell_end]

Skill      XL: |  1  2  3  4  5  6 |
---------------+-------------------+-----
Fighting       | 5 6 8 |  8.0
Armour         | 5 |  5.8
Shields        | 5 |  5.0
Axes           | 4 5 8 11 | 11.8
Long Blades    | 2 5 |  5.0
Invocations    | 2 6 9 |  9.1

Action                     |  1- 3 |  4- 6 |  7- 9 || total
---------------------------+-------+-------+-------++-------
  Melee: War axe           |    32 |       |       ||    32
         Headbutt          |     3 |     1 |     3 ||     7
         Broad axe         |     2 |    12 |    11 ||    25
    Use: Potion            |       |     2 |     1 ||     3
 Armour: Scale mail        |    21 |       |       ||    21
         Ring mail         |     3 |    35 |    12 ||    50
  Dodge: Dodged            |    26 |     4 |     6 ||    36
  Block: Buckler           |     7 |     6 |     3 ||    16

Table legend: (Time is in decaauts)
 A = Elapsed time spent in this place.
 B = Non-inter-level travel time spent in this place.
 C = Inter-level travel time spent in this place.
 D = Time resting spent in this place.
 E = Time spent auto-exploring this place.
 F = Levels seen in this place.
 G = Mean time per level.
                   A        B        C        D        E       F      G
               +--------+--------+--------+--------+--------+-----+--------+
         Total |    276 |    276 |      0 |    101 |      0 |   1 |  276.0 |
       Dungeon |    276 |    276 |      0 |    101 |      0 |   1 |  276.0 |
               +--------+--------+--------+--------+--------+-----+--------+

Top non-repeatable levels by time:
       D: 276 daAuts
